 Dungeon Crawl Stone Soup version 0.21.1-1-g345015f (webtiles) character file.

562525 Mgcat the Omniscient (level 26, -39/269 HPs)
             Began as a Gnoll Transmuter on Mar 17, 2018.
             Was the Champion of Ashenzari.
             Annihilated by an Ice Fiend (46 damage)
             ... led by Noweing
             ... on level 8 of the Dungeon.
             The game lasted 03:39:53 (50041 turns).

Mgcat the Omniscient (Gnoll Transmuter)            Turns: 50041, Time: 03:39:54

Health: -39/269    AC: 28    Str: 18      XL:     26   Next: 69%
Magic:  24/39      EV: 35    Int: 21 (22) God:    Ashenzari [******]
Gold:   3676       SH:  0    Dex: 32      Spells: 13/59 levels left

rFire    + + +     SeeInvis +   A - +7 whip of Natott {pain, rPois Dex+4} (curse)
rCold    . . .     Gourm    .   r - +0 shield of the Insatiable Deaths {rElec rF++ Str-2 Slay+5} (curse)
rNeg     + . .     Faith    .   (armour currently unavailable)
rPois    ∞         Spirit   .   (helmet restricted)
rElec    +         Reflect  .   U - scarf {repulsion} (curse)
rCorr    +         Harm     .   (gloves currently unavailable)
MR       ++...     Clarity  +   (boots currently unavailable)
Stlth    +.........             V - amulet of Fulups {Regen+ Dex+7} (curse)
HPRegen  0.00/turn              Q - ring of Doubts {rCorr Int+3 Dex+4} (curse)
MPRegen  0.26/turn              H - ring of Uskayaw's Castigation {rElec rF+ MR+} (curse)

@: confused, statue-form, repel missiles, very slow
A: distributed training, antennae 1, fangs 1, berserk 1, blink, low mp 1,
inhibited regeneration, subdued magic 2, strong nose
0: Orb of Zot
}: 3/15 runes: decaying, abyssal, gossamer
a: End Transformation, Blink, Curse Item, Scrying, Renounce Religion


You were on level 8 of the Dungeon.
You worshipped Ashenzari.
Ashenzari was exalted by your worship.
You were full.
You were a stone statue.
You visited 9 branches of the dungeon, and saw 46 of its levels.
You visited the Abyss 1 time.
You visited 1 bazaar.
You also visited: Labyrinth, Sewer, Ice Cave and Volcano.

You collected 5489 gold pieces.
You spent 1813 gold pieces at shops.

Inventory:

Hand Weapons
 A - the cursed +7 whip of Natott (weapon) {pain, rPois Dex+4}
   (You took it off an orc on level 5 of the Dungeon)

   In the hands of one skilled in necromantic magic, it inflicts extra damage on
   living creatures.
   It affects your dexterity (+4).
   It protects you from poison.
   It has a curse placed upon it.
Missiles
 b - 2 throwing nets {=f, !d}
 n - 12 poisoned tomahawks (quivered)
 F - 2 curare-tipped needles
Armour
 l - a +1 cloak of invisibility
   (You took it off a draconian stormcaller on level 5 of the Realm of Zot)
 m - a cursed +2 pair of gloves (melded)
   (You found it on level 10 of the Dungeon)
 r - the cursed +0 shield of the Insatiable Deaths (worn) {rElec rF++ Str-2 Slay+5}
   (You found it on level 4 of the Spider Nest)

   It affects your strength (-2).
   It affects your accuracy and damage with ranged weapons and melee attacks
   (+5).
   It greatly protects you from fire.
   It insulates you from electricity.
   It has a curse placed upon it.
 D - the cursed +2 helmet "Moclakhi" {Regen+ rCorr}
   (You found it on level 3 of the Depths)

   It increases your rate of regeneration.
   It protects you from acid and corrosion.
   It has a curse placed upon it.
 N - a cursed +1 robe of the Archmagi (melded)
   (You took it off Boris on level 5 of the Depths)
 R - the cursed +2 pair of boots of the Assassin (melded) {Detection Stab+ Stlth++}
   (You found it on level 3 of the Swamp)

   It makes you much more stealthy.
   It has a curse placed upon it.
 U - a cursed scarf of repulsion (worn)
   (You found it on level 1 of the Lair of Beasts)
Magical Staves
 Y - an uncursed staff of wizardry {wiz+, !a}
   (You found it on level 2 of the Orcish Mines)
Jewellery
 H - the cursed ring of Uskayaw's Castigation (right hand) {rElec rF+ MR+}
   (You bought it in a shop on level 1 of the Depths)

   [ring of protection from magic]

   It protects you from fire.
   It insulates you from electricity.
   It affects your resistance to hostile enchantments.
   It has a curse placed upon it.
 Q - the cursed ring of Doubts (left hand) {rCorr Int+3 Dex+4}
   (You bought it in a shop on level 1 of the Depths)

   [ring of resist corrosion]

   It affects your intelligence (+3).
   It affects your dexterity (+4).
   It has a curse placed upon it.
 V - the cursed amulet of Fulups (around neck) {Regen+ Dex+7}
   (You found it in an ice cave)

   [amulet of regeneration]

   It affects your dexterity (+7).
   It increases your rate of regeneration.
   It has a curse placed upon it.
Wands
 p - a wand of acid (28)
   (You found it on level 4 of the Dungeon)
 s - a wand of iceblast (68)
   (You found it on level 8 of the Dungeon)
 x - a wand of clouds (3)
   (You found it on level 15 of the Dungeon)
 I - a wand of digging (70)
   (You found it on level 8 of the Dungeon)
Scrolls
 c - 4 scrolls of enchant armour
 e - 8 scrolls of magic mapping {!r}
 f - 31 scrolls of identify
 i - 18 scrolls of amnesia
 j - 19 scrolls of teleportation
 t - 9 scrolls of fear
 B - 3 scrolls of immolation {!r}
 P - a scroll of silence
Potions
 g - 5 potions of flight
 k - 10 potions of curing
 u - 5 potions of brilliance
 E - 7 potions of agility
 G - a potion of ambrosia
 J - 5 potions of magic
 M - 3 potions of cancellation
 S - 3 potions of might
 W - 3 potions of resistance
Books
 X - a book of the Tempests
   (You found it on level 3 of the Spider Nest)
Miscellaneous
 a - a phantom mirror
 o - a lightning rod (4/4)
   (You found it on level 1 of the Spider Nest)
 q - a lamp of fire
   (You found it on level 2 of the Vaults)
 L - a phial of floods
   (You found it on level 4 of the Swamp)
 O - 2 boxes of beasts
 Z - a sack of spiders
Comestibles
 d - 59 rations


   Skills:
 + Level 16.9 Fighting
 + Level 16.8 Short Blades
 + Level 16.8 Long Blades
 + Level 16.8 Axes
 + Level 16.8(20.6) Maces & Flails
 + Level 16.8 Polearms
 + Level 16.8 Staves
 + Level 16.8 Slings
 + Level 16.8 Bows
 + Level 16.8 Crossbows
 + Level 16.8 Throwing
 + Level 16.8 Armour
 + Level 17.2(19.6) Dodging
 + Level 16.8(19.2) Stealth
 + Level 16.8(19.2) Shields
 + Level 17.7 Unarmed Combat
 + Level 17.3 Spellcasting
 + Level 14.4(18.5) Conjurations
 + Level 14.4(18.5) Hexes
 + Level 14.4(18.5) Charms
 + Level 14.4(18.5) Summonings
 + Level 14.4(18.5) Necromancy
 + Level 14.4(18.5) Translocations
 + Level 14.8(18.8) Transmutations
 + Level 14.4(18.5) Fire Magic
 + Level 14.4(18.5) Ice Magic
 + Level 14.4(18.5) Air Magic
 + Level 14.4(18.5) Earth Magic
 + Level 14.4(18.5) Poison Magic
 + Level 18.1 Invocations
 + Level 16.8(20.6) Evocations


You had 13 spell levels left.
You knew the following spells:

 Your Spells              Type           Power        Failure   Level  Hunger
a - Aura of Abjuration    Summ           ######....   0%          5    ##.....
b - Deflect Missiles      Chrm/Air       ######....   1%          6    ####...
c - Spider Form           Tmut/Pois      ######....   0%          3    None
d - Ice Form              Ice/Tmut       ######..     0%          4    None
e - Blade Hands           Tmut           ######....   0%          5    ##.....
f - Statue Form           Tmut/Erth      ######...    1%          6    ####...
g - Borgnjor's Vile Clut  Necr/Erth      ######....   0%          5    ##.....
h - Summon Ice Beast      Ice/Summ       ######..     0%          4    None
i - Ignition              Fire           ######....   6%          8    #######


Dungeon Overview and Level Annotations

Branches:
Dungeon (15/15)            Temple (1/1) D:5            Lair (6/6) D:10
  Swamp (4/4) Lair:2       Spider (4/4) Lair:2        Slime (0/5) Lair:5
    Orc (2/2) D:12            Elf (0/3) Orc:2        Vaults (4/5) D:13
  Crypt (0/3) Vaults:2     Depths (5/5) D:15            Zot (5/5) Depths:5

Altars:
Ashenzari
Cheibriados
Dithmenos
Elyvilon
Fedhas
Gozag
Hepliaklqana
Kikubaaqudgha
Makhleb
Nemelex Xobeh
Okawaru
Qazlal
Ru
Sif Muna
Trog
Uskayaw
Vehumet
Wu Jian
Xom
Yredelemnul
Zin
The Shining One
Beogh

Shops:
D:12 *   Orc:2 (?(*   Vaults:1 [   Depths:1 =}=   Depths:4 [(

Portals:
Hell: Depths:1 Depths:2 Depths:3 Depths:4
Abyss: Depths:3 Depths:4
Pandemonium: Depths:3
Ziggurat: Depths:4
Trove: Depths:2 (give 8 potions of haste)

Annotations:
Depths:4 1 runed door


Innate Abilities, Weirdness & Mutations

Your experience applies equally to all skills.
You have very sharp teeth.
Your uncanny sense of smell can sniff out nearby items.
You have a pair of small antennae on your head.
You tend to lose your temper in combat.
You can translocate small distances at will.
Your magical capacity is low. (-10% MP)
You do not regenerate when monsters are visible.
Your spells are easier to cast, but less powerful.


Message History

The scroll dissolves into smoke.
The soul eater completely misses you.
Casting: Statue Form
Confirm with . or Enter, or press ? or * to list all spells.
You feel a surge of power!
You turn into a living statue of rough stone.
Your cursed +2 pair of gloves melds into your body.
The cursed +2 pair of boots of the Assassin {Detection Stab+ Stlth++} melds into your body.
Your cursed +1 robe of the Archmagi melds into your body.
You feel strangely numb. Noweing hits you but does no damage.
The soul eater draws from the surrounding life force!
* * * LOW HITPOINT WARNING * * *
The soul eater is healed.
Unknown command.
Unknown command.
Unknown command.
Unknown command.
Unknown command.
Unknown command.
The sixfirhy hits you.
* * * LOW HITPOINT WARNING * * *
The sixfirhy shocks you. You resist.
* * * LOW HITPOINT WARNING * * *
You block the sixfirhy's attack.
The soul eater draws from the surrounding life force!
* * * LOW HITPOINT WARNING * * *
The soul eater is healed.
You block Noweing's attack.
A ynoxinul comes into view.
There is a stone staircase leading up here.
Unknown command.
Unknown command.
Unknown command.
Unknown command.
As you read the scroll of summoning, it crumbles to dust.
Wisps of shadow whirl around you... You block the sixfirhy's attack.
Noweing bursts into living lightning!
The living lightning is repelled.
Noweing blinks!
The soul eater draws from the surrounding life force!
* * * LOW HITPOINT WARNING * * *
Your hound is heavily wounded.
Your jackal dies!
Your jackal's corpse dissolves into shadows!
Your jackal dies!
Your jackal's corpse dissolves into shadows!
Your jackal dies!
Your jackal's corpse dissolves into shadows!
The soul eater is healed.
Noweing gestures at you.
You feel your power leaking away. You block the soul eater's attack.
Unknown command.
Unknown command.
Unknown command.
Unknown command.
You feel much better. Noweing gestures at you.
The orb of electricity explodes!
The orb of electricity engulfs you! You resist.
* * * LOW HITPOINT WARNING * * *
The orb of electricity engulfs the sixfirhy.
The sixfirhy completely resists.
The orb of electricity engulfs the soul eater.
The orb of electricity engulfs the Ice Fiend.
The orb of electricity engulfs your bullfrog zombie.
Your bullfrog zombie is destroyed!
The orb of electricity engulfs your hound.
Your hound dies!
Your hound's corpse dissolves into shadows!
The orb of electricity engulfs your jackal.
Your jackal dies!
Your jackal's corpse dissolves into shadows!
You block the sixfirhy's attack. You block the soul eater's attack.
The Ice Fiend gestures at you. The bolt of cold misses you.
The sixfirhy hits you but does no damage.
Okay, then.
Unknown command.
Unknown command.
The sixfirhy closely misses you. The sixfirhy misses you.
The sixfirhy hits you.
* * * LOW HITPOINT WARNING * * *
The sixfirhy shocks you. You resist.
* * * LOW HITPOINT WARNING * * *
You block the sixfirhy's attack.
The soul eater hits you but does no damage.
You block the sixfirhy's attack.
The ynoxinul gestures.
The Ice Fiend misses you. x2; The sixfirhy misses you.
You block the Ice Fiend's attack. The Ice Fiend completely misses you.
You climb upwards.
There is a stone staircase leading down here.
Okay, then.
Unknown command.
You are confused.
You feel invigorated.
The soul eater draws from the surrounding life force!
* * * LOW HITPOINT WARNING * * *
The soul eater is healed.
The Ice Fiend claws you.
* * * LOW HITPOINT WARNING * * *
The Ice Fiend freezes you!!!
You die...

.# ######......## #...#
.###....#.###### ##.##
..##.##.#.# #.# #....##...#
#.# ###..##...## #.#
...........## #.#
.###.#.##...### #.#
.###...###....######.####
[.....## #.##.3381......#
).##.## #.#########..###
.###.# #.....#####..#
.###.#########........## #####
)................####..###...#
.###.#########......<........#
.#.....#######..######.###...#
............................##
.#.....#######..#####......##


You could see an Ice Fiend, a soul eater and a sixfirhy.

Vanquished Creatures
  3 orbs of fire (Zot:5)
  An ancient lich (Zot:5)
  A juggernaut (Depths:5)
  Boris (Depths:5)
  Frederick (Depths:5)
  Xtahua (Depths:3)
  Saint Roka (Vaults:3)
  A curse toe (Zot:4)
  4 Killer Klowns (Zot:5)
  5 caustic shrikes
  A profane servitor (Abyss:3)
  2 golden dragons (Zot:3)
  5 bone dragons
  Arachne (Spider:4)
  4 electric golems (Zot:5)
  2 hellephants (Abyss:4)
  Rupert (D:14)
  7 tentacled monstrosities
  4 liches
  A titan (Depths:4)
  22 Orb Guardians
  An Executioner (D:15)
  Asterion (Depths:3)
  3 thorn hunters
  5 sphinxes
  4 tentacled starspawn
  5 death cobs
  3 tengu reavers
  5 storm dragons
  A sphinx (shapeshifter) (Depths:4)
  Kirke (Lair:5)
  3 shadow dragons
  8 fire giants
  3 draconian monks
  8 frost giants
  11 vault wardens
  5 draconian scorchers
  3 draconian knights
  2 orc warlords
  8 ghost moths
  An iron dragon (Depths:4)
  4 emperor scorpions
  8 draconian shifters
  An angel (Abyss:4)
  5 draconian stormcallers
  2 draconian annihilators
  3 spriggan defenders
  22 very ugly things
  A cacodemon (Abyss:3)
  3 juggernaut skeletons (Depths:3)
  11 ironheart preservers
  A caustic shrike skeleton (Depths:3)
  11 green draconians
  15 stone giants
  4 vampire knights
  3 deep elf demonologists
  2 black draconians
  Nessos (Lair:5)
  14 spark wasps
  3 deep elf annihilators
  7 dire elephants
  4 red draconians
  8 purple draconians
  An eidolon (Abyss:3)
  8 white draconians
  7 yellow draconians
  3 merfolk javelineers (Depths:2)
  4 deep elf death magi
  5 ettins
  A minotaur (Lab)
  A blizzard demon (Abyss:4)
  A quicksilver dragon zombie (Abyss:4)
  A green death (Abyss:3)
  9 fire dragons
  6 rakshasas
  11 yaktaur captains
  4 great orbs of eyes
  9 ice dragons
  9 vault guards (Vaults:1)
  2 ghost crabs
  14 centaur warriors
  21 hydras
  2 spriggan air magi
  A catoblepas (Lair:6)
  3 death knights
  13 ogre magi
  40 two-headed ogres
  2 dancing weapons (D:13)
  12 deep troll shamans
  5 alligators
  7 tengu warriors
  5 death yaks (Lair:6)
  Urug (Lair:5)
  3 hell hogs (Depths:2)
  A vampire mage (Depths:2)
  10 deep troll earth magi
  7 spriggan berserkers
  8 orc high priests
  Sonja (Lair:4)
  4 sun demons
  5 deep elf knights
  7 small abominations
  Nergalle (Orc:1)
  17 hell knights
  3 wretched stars
  A titan skeleton (Depths:3)
  2 spriggan druids
  16 skeletal warriors
  A death drake (Swamp:4)
  An iron troll (Depths:3)
  2 spatial maelstroms
  A shadow demon (Abyss:3)
  A sixfirhy (Depths:3)
  10 ironbrand convokers
  4 spectral hydras (Swamp:4)
  6 wizards
  A death drake (shapeshifter) (Depths:4)
  23 deep trolls
  A wolf spider zombie (D:13)
  2 golden dragon skeletons (Depths:3)
  5 swamp dragons
  2 glowing orange brains
  5 flayed ghosts
  An unseen horror (D:14)
  13 orc knights
  8 deep elf archers
  4 shambling mangroves
  6 necromancers
  5 phantasmal warriors
  A harpy (shapeshifter) (Depths:4)
  15 deep elf magi
  A faun (shapeshifter) (Vaults:4)
  11 orc sorcerers
  4 sphinx skeletons (Depths:3)
  49 ugly things
  5 cyclopes
  18 orb spiders
  27 wolf spiders
  2 manticores
  10 moths of wrath
  A cyclops (shapeshifter) (Depths:4)
  A tengu skeleton (Vaults:3)
  4 worldbinders
  3 ice statues (IceCv)
  6 black mambas
  5 elephants
  A gargoyle (D:10)
  Joseph (D:8)
  A guardian serpent (shapeshifter) (Vaults:2)
  A frost giant skeleton (Depths:3)
  2 smoke demons
  A molten gargoyle (Orc:1)
  A water nymph (shapeshifter) (Vaults:1)
  3 fire giant skeletons
  A torpor snail (Spider:4)
  An eye of devastation (shapeshifter) (Vaults:4)
  Maurice (D:9)
  15 vault sentinels
  2 kobold demonologists (D:15)
  13 komodo dragons
  13 spiny frogs
  9 demonic crawlers
  A tormentor (Abyss:3)
  41 yaktaurs
  2 efreet
  A hellwing (Abyss:3)
  2 ancient zymes
  2 swamp worm zombies (Swamp:4)
  7 freezing wraiths
  A harpy zombie (D:14)
  2 rime drakes (Lair:5)
  10 trolls
  3 hydra zombies (Swamp:4)
  2 ice devils
  4 tengu conjurers
  2 jumping spiders (shapeshifter)
  10 tyrant leeches
  A troll (shapeshifter) (Depths:1)
  23 jumping spiders
  22 hornets
  33 slime creatures
  A meliai zombie (D:15)
  11 hippogriffs
  A polar bear (Lair:6)
  12 raiju
  7 bog bodies
  Prince Ribbit (D:8)
  5 blink frogs (Lair:6)
  A blink frog (shapeshifter) (Depths:1)
  A spectral swamp dragon (Swamp:4)
  A fire giant simulacrum (Vaults:3)
  A stone giant simulacrum (Vaults:2)
  11 large abominations
  3 air elementals (Depths:2)
  4 alligator zombies (Swamp:4)
  6 spriggan skeletons (Depths:3)
  15 flying skulls
  An ettin skeleton (Vaults:2)
  5 shadows
  17 tarantellas
  6 wyverns
  6 wraiths
  8 spriggans
  4 ynoxinuls
  4 hogs (Lair:5)
  49 redbacks
  A tarantella (shapeshifter) (D:15)
  43 yaks
  12 water elementals
  6 fire bats
  2 basilisks
  2 chaos spawn
  A steam dragon (Lair:5)
  5 elf skeletons (Depths:3)
  A human simulacrum (Vaults:3)
  4 neqoxecs
  17 vampire mosquitoes
  A hungry ghost (D:9)
  15 swamp worms
  Menkaure (D:7)
  7 wargs
  11 insubstantial wisps
  3 acid dragons
  A soldier ant (shapeshifter) (Vaults:4)
  A soldier ant (D:9)
  8 hell hounds (Depths:2)
  4 floating eyes
  The ghost of MordorOrchid the Ruffian, an amateur VSTm (D:3)
  Duvessa (D:7)
  14 water moccasins
  63 orc warriors
  14 porcupines
  9 swamp drakes
  8 ice beasts
  An eye of draining (shapeshifter) (Depths:1)
  4 sky beasts
  3 swamp dragon zombies (Swamp:4)
  7 black bears
  An eye of draining (D:15)
  2 necrophages
  10 wolves (Lair:6)
  48 ogres
  9 phantoms
  9 boggarts
  20 centaurs
  10 crocodiles
  A crocodile (shapeshifter) (Vaults:1)
  3 big kobolds
  22 bullfrogs
  4 earth elementals (Spider:3)
  Dowan (D:7)
  A water moccasin zombie (D:8)
  5 scorpions
  9 killer bees
  16 wights
  4 electric eels
  6 howler monkeys
  9 crimson imps
  A bullfrog zombie (D:12)
  4 starcursed masses (Abyss:3)
  5 jellies
  2 quasits
  2 centaur zombies
  A bullfrog skeleton (D:5)
  3 hounds
  A jelly (shapeshifter) (Depths:4)
  6 centaur skeletons
  41 orc priests
  Crazy Yiuf (D:7)
  An iguana (D:10)
  23 orc wizards
  A spectral swamp drake (Swamp:4)
  14 worker ants
  A killer bee zombie (D:7)
  A hound zombie (D:11)
  A hound skeleton (D:7)
  2 worker ant zombies
  2 gnolls
  15 adders
  6 shadow imps
  13 white imps
  An ooze (Abyss:3)
  2 adder zombies
  6 worms
  11 leopard geckos
  142 orcs
  3 ball pythons
  5 bats
  11 giant cockroaches
  2 hobgoblins (D:2)
  25 jackals
  11 kobolds
  4 quokkas
  16 frilled lizards
  12 goblins
  2 goblin skeletons (D:9)
  2 hobgoblin zombies (D:9)
  A kobold skeleton (D:9)
  A kobold zombie (D:9)
  3 orc skeletons
  2 orc zombies (D:9)
  A quokka skeleton (D:5)
  A quokka zombie (D:8)
  6 rats
  2 crawling corpses (Vaults:3)
  2 fungi
  3 plants
  3 starspawn tentacles
2146 creatures vanquished.

Vanquished Creatures (collateral kills)
  A hydra zombie (Swamp:4)
1 creature vanquished.

Vanquished Creatures (others)
  An ice dragon (Depths:2)
  2 two-headed ogres (Vaults:1)
  A deep elf knight (Vaults:1)
  2 spectral hydras (Swamp:4)
  A deep elf archer (Vaults:2)
  A deep elf mage (Vaults:3)
  An ugly thing (Vaults:2)
  A moth of wrath (Zot:5)
  2 tyrant leeches (Swamp:3)
  A hornet (Swamp:3)
  A large abomination (Abyss:3)
  A warg (Vaults:4)
  6 insubstantial wisps (Swamp:3)
  2 orc warriors
  A phantom (Swamp:4)
  2 boggarts (Vaults:3)
  A quasit (D:9)
  An orc priest (D:13)
  A bush (Lair:6)
  3 fungi
  3 lurking horrors (Abyss:4)
  25 plants
  7 starspawn tentacles (Abyss:4)
  4 toadstools (Swamp:1)
71 creatures vanquished.

Grand Total: 2218 creatures vanquished

Notes
Turn   | Place    | Note
-------+----------+-------------------------------------------
     0 | D:1      | Mgcat the Gnoll Transmuter began the quest for the Orb.
     0 | D:1      | Reached XP level 1. HP: 17/17 MP: 6/6
    89 | D:1      | Reached XP level 2. HP: 12/23 MP: 5/7
   945 | D:2      | Reached XP level 3. HP: 25/28 MP: 7/9
   961 | D:2      | Reached skill level 5 in Spellcasting
   961 | D:2      | Reached skill level 1 in Invocations
  1098 | D:2      | Reached skill level 1 in Short Blades
  1098 | D:2      | Reached skill level 1 in Long Blades
  1098 | D:2      | Reached skill level 1 in Axes
  1098 | D:2      | Reached skill level 1 in Maces & Flails
  1098 | D:2      | Reached skill level 1 in Polearms
  1098 | D:2      | Reached skill level 1 in Staves
  1098 | D:2      | Reached skill level 1 in Slings
  1098 | D:2      | Reached skill level 1 in Bows
  1098 | D:2      | Reached skill level 1 in Crossbows
  1098 | D:2      | Reached skill level 1 in Throwing
  1098 | D:2      | Reached skill level 1 in Armour
  1098 | D:2      | Reached skill level 1 in Stealth
  1098 | D:2      | Reached skill level 1 in Shields
  1098 | D:2      | Reached skill level 1 in Evocations
  1098 | D:2      | Reached XP level 4. HP: 22/34 MP: 11/11
  1275 | D:2      | Reached skill level 1 in Conjurations
  1275 | D:2      | Reached skill level 1 in Hexes
  1275 | D:2      | Reached skill level 1 in Charms
  1275 | D:2      | Reached skill level 1 in Summonings
  1275 | D:2      | Reached skill level 1 in Necromancy
  1275 | D:2      | Reached skill level 1 in Translocations
  1275 | D:2      | Reached skill level 1 in Fire Magic
  1275 | D:2      | Reached skill level 1 in Ice Magic
  1275 | D:2      | Reached skill level 1 in Air Magic
  1275 | D:2      | Reached skill level 1 in Earth Magic
  1275 | D:2      | Reached skill level 1 in Poison Magic
  1275 | D:2      | Reached XP level 5. HP: 31/40 MP: 10/12
  1370 | D:2      | Learned a level 2 spell: Sticks to Snakes
  1374 | D:2      | Learned a level 3 spell: Spider Form
  1379 | D:2      | Learned a level 4 spell: Ice Form
  2174 | D:3      | Reached skill level 3 in Fighting
  2174 | D:3      | Reached skill level 4 in Transmutations
  2179 | D:3      | HP: 10/41 [poisoned by an orc]
  2452 | D:3      | Noticed MordorOrchid's ghost (amateur VSTm)
  2457 | D:3      | Noticed a necrophage
  2462 | D:3      | Killed MordorOrchid's ghost
  2462 | D:3      | Reached skill level 2 in Invocations
  2462 | D:3      | Reached XP level 6. HP: 35/47 MP: 14/14
  2483 | D:3      | Killed a necrophage
  2483 | D:3      | Reached skill level 2 in Short Blades
  2483 | D:3      | Reached skill level 2 in Long Blades
  2483 | D:3      | Reached skill level 2 in Axes
  2483 | D:3      | Reached skill level 2 in Maces & Flails
  2483 | D:3      | Reached skill level 2 in Polearms
  2483 | D:3      | Reached skill level 2 in Staves
  2483 | D:3      | Reached skill level 2 in Slings
  2483 | D:3      | Reached skill level 2 in Bows
  2483 | D:3      | Reached skill level 2 in Crossbows
  2483 | D:3      | Reached skill level 2 in Throwing
  2483 | D:3      | Reached skill level 2 in Armour
  2483 | D:3      | Reached skill level 5 in Dodging
  2483 | D:3      | Reached skill level 2 in Stealth
  2483 | D:3      | Reached skill level 2 in Shields
  2483 | D:3      | Reached skill level 2 in Evocations
  3048 | D:4      | Learned a level 5 spell: Blade Hands
  3063 | D:4      | Noticed a phantom
  3076 | D:4      | Killed a phantom
  3076 | D:4      | Reached XP level 7. HP: 44/50 MP: 12/15
  3245 | D:4      | Reached skill level 7 in Unarmed Combat
  3262 | D:4      | Reached skill level 2 in Conjurations
  3262 | D:4      | Reached skill level 2 in Hexes
  3262 | D:4      | Reached skill level 2 in Charms
  3262 | D:4      | Reached skill level 2 in Summonings
  3262 | D:4      | Reached skill level 2 in Necromancy
  3262 | D:4      | Reached skill level 2 in Translocations
  3262 | D:4      | Reached skill level 2 in Fire Magic
  3262 | D:4      | Reached skill level 2 in Ice Magic
  3262 | D:4      | Reached skill level 2 in Air Magic
  3262 | D:4      | Reached skill level 2 in Earth Magic
  3262 | D:4      | Reached skill level 2 in Poison Magic
  3435 | D:4      | Found a hazy altar of Hepliaklqana.
  3685 | D:4      | Found a blossoming altar of Fedhas.
  4002 | D:5      | Entered Level 5 of the Dungeon
  4101 | D:5      | Reached skill level 3 in Invocations
  4201 | D:5      | Found a hide-covered altar of Uskayaw.
  4222 | D:5      | Reached XP level 8. HP: 47/58 MP: 9/16
  4323 | D:5      | Found a glowing drain.
  4333 | Sewer    | Entered a sewer
  4422 | Sewer    | Reached skill level 4 in Fighting
  4470 | Sewer    | Reached skill level 3 in Short Blades
  4470 | Sewer    | Reached skill level 3 in Long Blades
  4470 | Sewer    | Reached skill level 3 in Axes
  4470 | Sewer    | Reached skill level 3 in Maces & Flails
  4470 | Sewer    | Reached skill level 3 in Polearms
  4470 | Sewer    | Reached skill level 3 in Staves
  4470 | Sewer    | Reached skill level 3 in Slings
  4470 | Sewer    | Reached skill level 3 in Bows
  4470 | Sewer    | Reached skill level 3 in Crossbows
  4470 | Sewer    | Reached skill level 3 in Throwing
  4470 | Sewer    | Reached skill level 3 in Armour
  4470 | Sewer    | Reached skill level 3 in Stealth
  4470 | Sewer    | Reached skill level 3 in Shields
  4470 | Sewer    | Reached skill level 3 in Evocations
  4903 | D:5      | Reached skill level 6 in Spellcasting
  4963 | D:5      | Got an iridescent whip {pain}
  4964 | D:5      | Identified the +7 whip of Natott {pain, rPois Dex+4} (You took it off an orc on level 5 of the Dungeon)
  4984 | D:5      | Found a staircase to the Ecumenical Temple.
  5005 | Temple   | Entered the Ecumenical Temple
  5291 | Temple   | Became a worshipper of Ashenzari the Shackled
  5510 | D:5      | Found an iron altar of Okawaru.
  5512 | D:5      | Found a bloodstained altar of Trog.
  5906 | D:6      | Reached skill level 4 in Invocations
  5912 | D:6      | Reached skill level 3 in Conjurations
  5912 | D:6      | Reached skill level 3 in Hexes
  5912 | D:6      | Reached skill level 3 in Charms
  5912 | D:6      | Reached skill level 3 in Summonings
  5912 | D:6      | Reached skill level 3 in Necromancy
  5912 | D:6      | Reached skill level 3 in Translocations
  5912 | D:6      | Reached skill level 3 in Fire Magic
  5912 | D:6      | Reached skill level 3 in Ice Magic
  5912 | D:6      | Reached skill level 3 in Air Magic
  5912 | D:6      | Reached skill level 3 in Earth Magic
  5912 | D:6      | Reached skill level 3 in Poison Magic
  5940 | D:6      | Reached skill level 6 in Dodging
  5940 | D:6      | Reached XP level 9. HP: 57/64 MP: 15/18
  6042 | D:6      | HP: 8/64 [orc priest/divine providence (12)]
  6044 | D:6      | Reached skill level 5 in Transmutations
  6047 | D:6      | HP: 4/64 [orc wizard/magic dart (5)]
  6346 | D:6      | Found a shimmering altar of Xom.
  6346 | D:6      | Found a shimmering altar of Xom.
  6349 | D:6      | Found a shimmering altar of Xom.
  6349 | D:6      | Found a shimmering altar of Xom.
  6353 | D:6      | Found a shimmering altar of Xom.
  6356 | D:6      | Found a shimmering altar of Xom.
  6497 | D:6      | Found a glowing silver altar of Zin.
  6629 | D:6      | Reached skill level 4 in Short Blades
  6629 | D:6      | Reached skill level 4 in Long Blades
  6629 | D:6      | Reached skill level 4 in Axes
  6629 | D:6      | Reached skill level 4 in Maces & Flails
  6629 | D:6      | Reached skill level 4 in Polearms
  6629 | D:6      | Reached skill level 4 in Staves
  6629 | D:6      | Reached skill level 4 in Slings
  6629 | D:6      | Reached skill level 4 in Bows
  6629 | D:6      | Reached skill level 4 in Crossbows
  6629 | D:6      | Reached skill level 4 in Throwing
  6629 | D:6      | Reached skill level 4 in Armour
  6629 | D:6      | Reached skill level 4 in Stealth
  6629 | D:6      | Reached skill level 4 in Shields
  6629 | D:6      | Reached skill level 4 in Evocations
  6783 | D:7      | Reached skill level 5 in Fighting
  6927 | D:7      | Noticed Menkaure
  6931 | D:7      | HP: 16/66 [Menkaure (17)]
  6932 | D:7      | Killed Menkaure
  6937 | D:7      | HP: 15/66 [killer bee zombie (2)]
  7169 | D:7      | Reached skill level 8 in Unarmed Combat
  7175 | D:7      | Found a white marble altar of Elyvilon.
  7327 | D:7      | Reached skill level 5 in Invocations
  7496 | D:7      | Reached * piety under Ashenzari
  7797 | D:7      | Identified the +1 leather armour of Dishonesty {-Tele Str+4 Slay+2 Stlth+}
  7877 | D:7      | Found a runed door.
  7991 | D:7      | Noticed Duvessa
  7992 | D:7      | Noticed Dowan
  8006 | D:7      | Killed Dowan
  8013 | D:7      | Killed Duvessa
  8013 | D:7      | Reached skill level 7 in Spellcasting
  8013 | D:7      | Reached XP level 10. HP: 35/72 MP: 18/20
  8199 | D:7      | Noticed Crazy Yiuf
  8200 | D:7      | Identified the cursed +1 mace "Riograte" {freeze, Str+2}
  8204 | D:7      | Killed Crazy Yiuf
  8300 | D:8      | Reached skill level 4 in Conjurations
  8300 | D:8      | Reached skill level 4 in Hexes
  8300 | D:8      | Reached skill level 4 in Charms
  8300 | D:8      | Reached skill level 4 in Summonings
  8300 | D:8      | Reached skill level 4 in Necromancy
  8300 | D:8      | Reached skill level 4 in Translocations
  8300 | D:8      | Reached skill level 4 in Fire Magic
  8300 | D:8      | Reached skill level 4 in Ice Magic
  8300 | D:8      | Reached skill level 4 in Air Magic
  8300 | D:8      | Reached skill level 4 in Earth Magic
  8300 | D:8      | Reached skill level 4 in Poison Magic
  8306 | D:8      | HP: 16/72 [wight/enchanted spear (8)]
  8523 | D:8      | Noticed Prince Ribbit
  8533 | D:8      | Killed Prince Ribbit
  8584 | D:8      | Reached skill level 5 in Short Blades
  8584 | D:8      | Reached skill level 5 in Long Blades
  8584 | D:8      | Reached skill level 5 in Axes
  8584 | D:8      | Reached skill level 5 in Maces & Flails
  8584 | D:8      | Reached skill level 5 in Polearms
  8584 | D:8      | Reached skill level 5 in Staves
  8584 | D:8      | Reached skill level 5 in Slings
  8584 | D:8      | Reached skill level 5 in Bows
  8584 | D:8      | Reached skill level 5 in Crossbows
  8584 | D:8      | Reached skill level 5 in Throwing
  8584 | D:8      | Reached skill level 5 in Armour
  8584 | D:8      | Reached skill level 5 in Stealth
  8584 | D:8      | Reached skill level 5 in Shields
  8584 | D:8      | Reached skill level 5 in Evocations
  9297 | D:8      | Identified the +1 ring mail of Classification {rC- Str+7 Int+5} (You took it off an orc on level 8 of the Dungeon)
  9417 | D:8      | Reached skill level 7 in Dodging
  9520 | D:8      | Noticed Joseph
  9537 | D:8      | HP: 14/76 [Joseph/uncursed quarterstaff (15)]
  9543 | D:8      | Killed Joseph
  9760 | D:9      | Reached skill level 6 in Fighting
  9863 | D:9      | Noticed Maurice
  9901 | D:9      | Killed Maurice
  9901 | D:9      | Reached skill level 6 in Transmutations
  9901 | D:9      | Reached skill level 6 in Invocations
 10115 | D:9      | Found a basalt altar of Yredelemnul.
 10148 | D:9      | Found an ornate altar of the Wu Jian Council.
 10250 | D:9      | Reached ** piety under Ashenzari
 10271 | D:9      | Found a glowing golden altar of the Shining One.
 10562 | D:9      | Found a shadowy altar of Dithmenos.
 10562 | D:9      | Found a deep blue altar of Sif Muna.
 10592 | D:10     | Entered Level 10 of the Dungeon
 10692 | D:10     | Reached XP level 11. HP: 68/82 MP: 19/22
 10915 | D:10     | HP: 17/98 [gargoyle/morningstar (22)]
 10927 | D:10     | HP: 4/82 [gargoyle/stone arrow (13)]
 11624 | D:9      | HP: 16/82 [porcupine's spines (11)]
 11919 | D:10     | Found a staircase to the Lair.
 11926 | D:10     | Reached skill level 6 in Short Blades
 11926 | D:10     | Reached skill level 6 in Long Blades
 11926 | D:10     | Reached skill level 6 in Axes
 11926 | D:10     | Reached skill level 6 in Maces & Flails
 11926 | D:10     | Reached skill level 6 in Polearms
 11926 | D:10     | Reached skill level 6 in Staves
 11926 | D:10     | Reached skill level 6 in Slings
 11926 | D:10     | Reached skill level 6 in Bows
 11926 | D:10     | Reached skill level 6 in Crossbows
 11926 | D:10     | Reached skill level 6 in Throwing
 11926 | D:10     | Reached skill level 6 in Armour
 11926 | D:10     | Reached skill level 6 in Stealth
 11926 | D:10     | Reached skill level 6 in Shields
 11926 | D:10     | Reached skill level 9 in Unarmed Combat
 11926 | D:10     | Reached skill level 6 in Evocations
 11940 | D:10     | Reached skill level 5 in Conjurations
 11940 | D:10     | Reached skill level 5 in Hexes
 11940 | D:10     | Reached skill level 5 in Charms
 11940 | D:10     | Reached skill level 5 in Summonings
 11940 | D:10     | Reached skill level 5 in Necromancy
 11940 | D:10     | Reached skill level 5 in Translocations
 11940 | D:10     | Reached skill level 5 in Fire Magic
 11940 | D:10     | Reached skill level 5 in Ice Magic
 11940 | D:10     | Reached skill level 5 in Air Magic
 11940 | D:10     | Reached skill level 5 in Earth Magic
 11940 | D:10     | Reached skill level 5 in Poison Magic
 11941 | D:10     | HP: 12/82 [porcupine's spines (13)]
 11957 | D:9      | HP: 10/82 [porcupine (6)]
 12299 | D:10     | Reached skill level 8 in Spellcasting
 12568 | D:10     | HP: 20/82 [yak (10)]
 13054 | D:11     | Noticed a manticore
 13066 | D:11     | Killed a manticore
 13066 | D:11     | Reached skill level 7 in Invocations
 13080 | D:11     | Reached skill level 7 in Fighting
 13080 | D:11     | Reached skill level 8 in Dodging
 13327 | D:11     | Noticed a cyclops
 13338 | D:11     | Killed a cyclops
 13735 | D:11     | Reached XP level 12. HP: 78/90 MP: 21/24
 14255 | D:11     | Reached skill level 7 in Transmutations
 14382 | Lair:1   | Entered Level 1 of the Lair of Beasts
 14382 | Lair:1   | Found a labyrinth entrance.
 14394 | Lair:1   | Reached skill level 7 in Short Blades
 14394 | Lair:1   | Reached skill level 7 in Long Blades
 14394 | Lair:1   | Reached skill level 7 in Axes
 14394 | Lair:1   | Reached skill level 7 in Maces & Flails
 14394 | Lair:1   | Reached skill level 7 in Polearms
 14394 | Lair:1   | Reached skill level 7 in Staves
 14394 | Lair:1   | Reached skill level 7 in Slings
 14394 | Lair:1   | Reached skill level 7 in Bows
 14394 | Lair:1   | Reached skill level 7 in Crossbows
 14394 | Lair:1   | Reached skill level 7 in Throwing
 14394 | Lair:1   | Reached skill level 7 in Armour
 14394 | Lair:1   | Reached skill level 7 in Stealth
 14394 | Lair:1   | Reached skill level 7 in Shields
 14394 | Lair:1   | Reached skill level 7 in Evocations
 14412 | Lair:1   | HP: 18/90 [yak (11)]
 14593 | Lab      | Entered a labyrinth
 14762 | Lab      | Found an exit through the horrors of the Abyss.
 14966 | Lab      | Noticed a minotaur
 14982 | Lab      | HP: 19/90 [minotaur/uncursed eveningstar (14)]
 14998 | Lab      | Killed a minotaur
 14998 | Lab      | Reached skill level 6 in Conjurations
 14998 | Lab      | Reached skill level 6 in Hexes
 14998 | Lab      | Reached skill level 6 in Charms
 14998 | Lab      | Reached skill level 6 in Summonings
 14998 | Lab      | Reached skill level 6 in Necromancy
 14998 | Lab      | Reached skill level 6 in Translocations
 14998 | Lab      | Reached skill level 6 in Fire Magic
 14998 | Lab      | Reached skill level 6 in Ice Magic
 14998 | Lab      | Reached skill level 6 in Air Magic
 14998 | Lab      | Reached skill level 6 in Earth Magic
 14998 | Lab      | Reached skill level 6 in Poison Magic
 15001 | Lab      | Identified Catyvvyz's Tome of Earth
 15019 | Lab      | Identified Duegitha's Incunabulum of Combat Magic and Contamination
 15035 | Lab      | Learned a level 6 spell: Statue Form
 15256 | Lair:1   | Noticed a five-headed hydra
 15281 | Lair:1   | Killed a five-headed hydra
 15281 | Lair:1   | Reached skill level 8 in Invocations
 15401 | Lair:1   | Reached skill level 9 in Spellcasting
 15993 | Lair:2   | Found a staircase to the Swamp.
 16031 | Lair:2   | Reached skill level 8 in Fighting
 16031 | Lair:2   | Reached skill level 10 in Unarmed Combat
 16298 | Lair:2   | Noticed a seven-headed hydra
 16305 | Lair:2   | Killed a seven-headed hydra
 16305 | Lair:2   | Reached skill level 9 in Dodging
 16435 | Lair:2   | Reached XP level 13. HP: 84/97 MP: 20/26
 16533 | Lair:2   | Learned a level 5 spell: Borgnjor's Vile Clutch
 16556 | Lair:2   | Reached *** piety under Ashenzari
 16680 | Lair:2   | Found a hole to the Spider Nest.
 16915 | Lair:2   | Learned a level 4 spell: Summon Ice Beast
 17197 | Lair:3   | Reached skill level 8 in Short Blades
 17197 | Lair:3   | Reached skill level 8 in Long Blades
 17197 | Lair:3   | Reached skill level 8 in Axes
 17197 | Lair:3   | Reached skill level 8 in Maces & Flails
 17197 | Lair:3   | Reached skill level 8 in Polearms
 17197 | Lair:3   | Reached skill level 8 in Staves
 17197 | Lair:3   | Reached skill level 8 in Slings
 17197 | Lair:3   | Reached skill level 8 in Bows
 17197 | Lair:3   | Reached skill level 8 in Crossbows
 17197 | Lair:3   | Reached skill level 8 in Throwing
 17197 | Lair:3   | Reached skill level 8 in Armour
 17197 | Lair:3   | Reached skill level 8 in Stealth
 17197 | Lair:3   | Reached skill level 8 in Shields
 17197 | Lair:3   | Reached skill level 8 in Evocations
 17510 | Lair:4   | Found a frozen archway.
 17546 | IceCv    | Entered an ice cave
 17871 | IceCv    | Reached skill level 9 in Invocations
 17899 | IceCv    | Identified the +1 ice dragon scales of Calculation {rF- rC++ Dex+6}
 17899 | IceCv    | Identified the amulet of Fulups {Regen+ Dex+7}
 18037 | Lair:4   | Identified 2 scrolls of acquirement
 18069 | Lair:4   | Noticed Sonja
 18080 | Lair:4   | Killed Sonja
 18167 | Lair:4   | Reached **** piety under Ashenzari
 18309 | Lair:4   | Reached skill level 8 in Transmutations
 18872 | Lair:5   | Reached skill level 7 in Conjurations
 18872 | Lair:5   | Reached skill level 7 in Hexes
 18872 | Lair:5   | Reached skill level 7 in Charms
 18872 | Lair:5   | Reached skill level 7 in Summonings
 18872 | Lair:5   | Reached skill level 7 in Necromancy
 18872 | Lair:5   | Reached skill level 7 in Translocations
 18872 | Lair:5   | Reached skill level 7 in Fire Magic
 18872 | Lair:5   | Reached skill level 7 in Ice Magic
 18872 | Lair:5   | Reached skill level 7 in Air Magic
 18872 | Lair:5   | Reached skill level 7 in Earth Magic
 18872 | Lair:5   | Reached skill level 7 in Poison Magic
 18975 | Lair:5   | Noticed Nessos
 18983 | Lair:5   | Killed Nessos
 19132 | Lair:5   | Noticed Kirke
 19146 | Lair:5   | Killed Kirke
 19146 | Lair:5   | Reached skill level 9 in Fighting
 19147 | Lair:5   | Reached ***** piety under Ashenzari
 19259 | Lair:5   | Reached skill level 10 in Spellcasting
 19336 | Lair:5   | Reached XP level 14. HP: 107/107 MP: 10/28
 19640 | Lair:5   | Found a staircase to the Slime Pits.
 19839 | Lair:5   | Noticed Urug
 19850 | Lair:5   | Killed Urug
 20033 | Lair:6   | Entered Level 6 of the Lair of Beasts
 20114 | Lair:6   | Reached skill level 10 in Dodging
 20126 | Lair:6   | HP: 31/128 [seven-headed hydra (8)]
 20268 | Lair:6   | Reached skill level 11 in Unarmed Combat
 20389 | Lair:6   | Reached skill level 9 in Short Blades
 20389 | Lair:6   | Reached skill level 9 in Long Blades
 20389 | Lair:6   | Reached skill level 9 in Axes
 20389 | Lair:6   | Reached skill level 9 in Maces & Flails
 20389 | Lair:6   | Reached skill level 9 in Polearms
 20389 | Lair:6   | Reached skill level 9 in Staves
 20389 | Lair:6   | Reached skill level 9 in Slings
 20389 | Lair:6   | Reached skill level 9 in Bows
 20389 | Lair:6   | Reached skill level 9 in Crossbows
 20389 | Lair:6   | Reached skill level 9 in Throwing
 20389 | Lair:6   | Reached skill level 9 in Armour
 20389 | Lair:6   | Reached skill level 9 in Stealth
 20389 | Lair:6   | Reached skill level 9 in Shields
 20389 | Lair:6   | Reached skill level 9 in Evocations
 20979 | Lair:6   | Reached skill level 10 in Invocations
 21085 | Lair:6   | Noticed a dire elephant
 21126 | Lair:6   | Killed a dire elephant
 21135 | Lair:6   | Identified the +1 ring mail of Understanding {*Slow rCorr Str+9 Slay-5}
 21656 | D:12     | Found a staircase to the Orcish Mines.
 22203 | D:12     | Found Ojosheci's Demolitions Depot.
 22346 | Orc:1    | Entered Level 1 of the Orcish Mines
 22346 | Orc:1    | Found a roughly hewn altar of Beogh.
 22366 | Orc:1    | Identified the +14 chain mail "Jituz" {rC+ Slay+3}
 22389 | Orc:1    | Noticed an orc warlord
 22392 | Orc:1    | Reached skill level 8 in Conjurations
 22392 | Orc:1    | Reached skill level 8 in Hexes
 22392 | Orc:1    | Reached skill level 8 in Charms
 22392 | Orc:1    | Reached skill level 8 in Summonings
 22392 | Orc:1    | Reached skill level 8 in Necromancy
 22392 | Orc:1    | Reached skill level 8 in Translocations
 22392 | Orc:1    | Reached skill level 8 in Fire Magic
 22392 | Orc:1    | Reached skill level 8 in Ice Magic
 22392 | Orc:1    | Reached skill level 8 in Air Magic
 22392 | Orc:1    | Reached skill level 8 in Earth Magic
 22392 | Orc:1    | Reached skill level 8 in Poison Magic
 22401 | Orc:1    | Killed an orc warlord
 22401 | Orc:1    | Reached XP level 15. HP: 114/114 MP: 4/29
 22431 | Orc:1    | Noticed Nergalle
 22446 | Orc:1    | Killed Nergalle
 22446 | Orc:1    | Reached skill level 9 in Transmutations
 22463 | Orc:1    | Found a dark tunnel.
 22473 | Volcano  | Entered a volcano
 22495 | Volcano  | Reached skill level 10 in Fighting
 22705 | Orc:1    | Reached ****** piety under Ashenzari
 23162 | Orc:2    | Entered Level 2 of the Orcish Mines
 23633 | Orc:2    | Reached skill level 11 in Spellcasting
 23904 | Orc:2    | Found Redob's Weapon Emporium.
 23957 | Orc:2    | Noticed an orc warlord
 23975 | Orc:2    | Killed an orc warlord
 23994 | Orc:2    | Reached skill level 10 in Short Blades
 23994 | Orc:2    | Reached skill level 10 in Long Blades
 23994 | Orc:2    | Reached skill level 10 in Axes
 23994 | Orc:2    | Reached skill level 10 in Maces & Flails
 23994 | Orc:2    | Reached skill level 10 in Polearms
 23994 | Orc:2    | Reached skill level 10 in Staves
 23994 | Orc:2    | Reached skill level 10 in Slings
 23994 | Orc:2    | Reached skill level 10 in Bows
 23994 | Orc:2    | Reached skill level 10 in Crossbows
 23994 | Orc:2    | Reached skill level 10 in Throwing
 23994 | Orc:2    | Reached skill level 10 in Armour
 23994 | Orc:2    | Reached skill level 10 in Stealth
 23994 | Orc:2    | Reached skill level 10 in Shields
 23994 | Orc:2    | Reached skill level 10 in Evocations
 24075 | Orc:2    | Found a roughly hewn altar of Beogh.
 24225 | Orc:2    | Found Qasuxt's Magic Scroll Shoppe.
 24293 | Orc:2    | Bought a scroll of remove curse for 51 gold pieces
 24405 | Orc:2    | Reached skill level 11 in Dodging
 24414 | Orc:2    | Found a staircase to the Elven Halls.
 24625 | Orc:2    | Found a roughly hewn altar of Beogh.
 24726 | Orc:2    | Found Gaky's Assorted Antiques.
 24740 | Orc:2    | Bought a scroll of fog for 56 gold pieces
 24740 | Orc:2    | Bought a scroll of fog for 56 gold pieces
 24746 | Orc:2    | Found Ehocosch's Antique Weapon Shop.
 24757 | Orc:2    | Reached skill level 11 in Invocations
 24952 | D:13     | Found a roughly hewn altar of Beogh.
 25195 | D:13     | Reached skill level 12 in Unarmed Combat
 25248 | D:13     | Found a gate to the Vaults.
 25283 | D:13     | Reached XP level 16. HP: 123/123 MP: 25/31
 25890 | D:14     | Found a sacrificial altar of Ru.
 26117 | D:14     | Noticed Rupert
 26133 | D:14     | Killed Rupert
 26233 | D:14     | Reached skill level 9 in Conjurations
 26233 | D:14     | Reached skill level 9 in Hexes
 26233 | D:14     | Reached skill level 9 in Charms
 26233 | D:14     | Reached skill level 9 in Summonings
 26233 | D:14     | Reached skill level 9 in Necromancy
 26233 | D:14     | Reached skill level 9 in Translocations
 26233 | D:14     | Reached skill level 9 in Fire Magic
 26233 | D:14     | Reached skill level 9 in Ice Magic
 26233 | D:14     | Reached skill level 9 in Air Magic
 26233 | D:14     | Reached skill level 9 in Earth Magic
 26233 | D:14     | Reached skill level 9 in Poison Magic
 26487 | D:15     | Entered Level 15 of the Dungeon
 26513 | D:15     | Found a blossoming altar of Fedhas.
 26592 | D:15     | Identified the cursed +0 buckler "Teatavytia" {rElec Str+3} (You acquired it on level 15 of the Dungeon)
 26822 | D:15     | Reached skill level 11 in Fighting
 26986 | D:15     | Found a staircase to the Depths.
 27561 | Swamp:1  | Entered Level 1 of the Swamp
 27737 | Swamp:1  | Noticed a thorn hunter
 27758 | Swamp:1  | Killed a thorn hunter
 27758 | Swamp:1  | Reached skill level 10 in Transmutations
 28015 | Swamp:1  | Found a basalt altar of Yredelemnul.
 28501 | Swamp:2  | Noticed a thorn hunter
 28513 | Swamp:2  | Killed a thorn hunter
 28746 | Swamp:2  | Reached skill level 11 in Short Blades
 28746 | Swamp:2  | Reached skill level 11 in Long Blades
 28746 | Swamp:2  | Reached skill level 11 in Axes
 28746 | Swamp:2  | Reached skill level 11 in Maces & Flails
 28746 | Swamp:2  | Reached skill level 11 in Polearms
 28746 | Swamp:2  | Reached skill level 11 in Staves
 28746 | Swamp:2  | Reached skill level 11 in Slings
 28746 | Swamp:2  | Reached skill level 11 in Bows
 28746 | Swamp:2  | Reached skill level 11 in Crossbows
 28746 | Swamp:2  | Reached skill level 11 in Throwing
 28746 | Swamp:2  | Reached skill level 11 in Armour
 28746 | Swamp:2  | Reached skill level 11 in Stealth
 28746 | Swamp:2  | Reached skill level 11 in Shields
 28746 | Swamp:2  | Reached skill level 11 in Evocations
 29140 | Swamp:3  | Reached skill level 12 in Spellcasting
 29154 | Swamp:3  | HP: 36/162 [shambling mangrove (22)]
 29253 | Swamp:3  | Reached XP level 17. HP: 131/131 MP: 19/33
 29268 | Swamp:3  | Learned a level 5 spell: Aura of Abjuration
 29452 | Swamp:3  | Reached skill level 12 in Invocations
 29627 | Swamp:3  | Found the +2 pair of boots of the Assassin {Detection Stab+ Stlth++}
 29888 | Swamp:3  | Found an ancient bone altar of Kikubaaqudgha.
 30037 | Swamp:4  | Entered Level 4 of the Swamp
 30051 | Swamp:4  | Reached skill level 12 in Dodging
 30761 | Swamp:4  | Noticed a bone dragon
 30849 | Swamp:4  | Killed a bone dragon
 30955 | Swamp:4  | Got a decaying rune of Zot
 31145 | Spider:1 | Entered Level 1 of the Spider Nest
 31229 | Spider:1 | Identified a lightning rod (4/4)
 31707 | Spider:2 | Reached skill level 13 in Unarmed Combat
 32128 | Spider:2 | Identified a lightning rod (4/4)
 32219 | Spider:3 | Identified the cursed amulet "Boomoej" {Gourm Int+9 Slay+3 Stlth-} (You acquired it on level 3 of the Spider Nest)
 32297 | Spider:3 | Reached skill level 10 in Conjurations
 32297 | Spider:3 | Reached skill level 10 in Hexes
 32297 | Spider:3 | Reached skill level 10 in Charms
 32297 | Spider:3 | Reached skill level 10 in Summonings
 32297 | Spider:3 | Reached skill level 10 in Necromancy
 32297 | Spider:3 | Reached skill level 10 in Translocations
 32297 | Spider:3 | Reached skill level 10 in Fire Magic
 32297 | Spider:3 | Reached skill level 10 in Ice Magic
 32297 | Spider:3 | Reached skill level 10 in Air Magic
 32297 | Spider:3 | Reached skill level 10 in Earth Magic
 32297 | Spider:3 | Reached skill level 10 in Poison Magic
 32601 | Spider:3 | Reached XP level 18. HP: 140/140 MP: 34/34
 32612 | Spider:3 | Learned a level 6 spell: Deflect Missiles
 32781 | Spider:3 | Reached skill level 12 in Fighting
 32901 | Spider:4 | Entered Level 4 of the Spider Nest
 33642 | Spider:4 | Identified the +0 shield of the Insatiable Deaths {rElec rF++ Str-2 Slay+5}
 33764 | Spider:4 | Reached skill level 12 in Short Blades
 33764 | Spider:4 | Reached skill level 12 in Long Blades
 33764 | Spider:4 | Reached skill level 12 in Axes
 33764 | Spider:4 | Reached skill level 12 in Maces & Flails
 33764 | Spider:4 | Reached skill level 12 in Polearms
 33764 | Spider:4 | Reached skill level 12 in Staves
 33764 | Spider:4 | Reached skill level 12 in Slings
 33764 | Spider:4 | Reached skill level 12 in Bows
 33764 | Spider:4 | Reached skill level 12 in Crossbows
 33764 | Spider:4 | Reached skill level 12 in Throwing
 33764 | Spider:4 | Reached skill level 12 in Armour
 33764 | Spider:4 | Reached skill level 12 in Stealth
 33764 | Spider:4 | Reached skill level 12 in Shields
 33764 | Spider:4 | Reached skill level 12 in Evocations
 33982 | Spider:4 | Reached skill level 13 in Invocations
 34006 | Spider:4 | Reached skill level 11 in Transmutations
 34045 | Spider:4 | Got a gossamer rune of Zot
 34121 | Spider:4 | Noticed Arachne
 34134 | Spider:4 | Killed Arachne
 34134 | Spider:4 | Reached skill level 13 in Spellcasting
 34574 | Vaults:1 | Entered Level 1 of the Vaults
 34713 | Vaults:1 | Reached skill level 13 in Dodging
 34859 | Vaults:1 | Found Tisoq's Antique Armour Shop.
 34993 | Vaults:1 | Reached XP level 19. HP: 147/147 MP: 31/36
 36129 | Vaults:2 | Reached skill level 14 in Unarmed Combat
 36240 | Vaults:2 | Reached skill level 13 in Fighting
 36287 | Vaults:2 | Reached skill level 11 in Conjurations
 36287 | Vaults:2 | Reached skill level 11 in Hexes
 36287 | Vaults:2 | Reached skill level 11 in Charms
 36287 | Vaults:2 | Reached skill level 11 in Summonings
 36287 | Vaults:2 | Reached skill level 11 in Necromancy
 36287 | Vaults:2 | Reached skill level 11 in Translocations
 36287 | Vaults:2 | Reached skill level 11 in Fire Magic
 36287 | Vaults:2 | Reached skill level 11 in Ice Magic
 36287 | Vaults:2 | Reached skill level 11 in Air Magic
 36287 | Vaults:2 | Reached skill level 11 in Earth Magic
 36287 | Vaults:2 | Reached skill level 11 in Poison Magic
 36898 | Vaults:2 | Reached XP level 20. HP: 66/156 MP: 23/37
 37090 | Vaults:2 | Noticed a bone dragon
 37117 | Vaults:2 | Reached skill level 13 in Short Blades
 37117 | Vaults:2 | Reached skill level 13 in Long Blades
 37117 | Vaults:2 | Reached skill level 13 in Axes
 37117 | Vaults:2 | Reached skill level 13 in Maces & Flails
 37117 | Vaults:2 | Reached skill level 13 in Polearms
 37117 | Vaults:2 | Reached skill level 13 in Staves
 37117 | Vaults:2 | Reached skill level 13 in Slings
 37117 | Vaults:2 | Reached skill level 13 in Bows
 37117 | Vaults:2 | Reached skill level 13 in Crossbows
 37117 | Vaults:2 | Reached skill level 13 in Throwing
 37117 | Vaults:2 | Reached skill level 13 in Armour
 37117 | Vaults:2 | Reached skill level 13 in Stealth
 37117 | Vaults:2 | Reached skill level 13 in Shields
 37117 | Vaults:2 | Reached skill level 14 in Invocations
 37117 | Vaults:2 | Reached skill level 13 in Evocations
 37132 | Vaults:2 | Killed a bone dragon
 37226 | Vaults:2 | Found a staircase to the Crypt.
 37569 | Vaults:3 | Noticed Saint Roka
 37587 | Vaults:3 | Killed Saint Roka
 37819 | Vaults:3 | Reached skill level 14 in Spellcasting
 37956 | Vaults:3 | Identified the cursed ring "Xewkauduxi" {+Inv rElec rPois Int-5 Stlth+} (You acquired it on level 3 of the Vaults)
 37957 | Vaults:3 | Identified the cursed ring of Bugysuv {+Blink MP+9} (You acquired it on level 3 of the Vaults)
 37958 | Vaults:3 | Identified the cursed amulet of the Final Decision {RegenMP rElec rPois} (You acquired it on level 3 of the Vaults)
 38123 | Vaults:3 | Reached skill level 12 in Transmutations
 38490 | Vaults:3 | Reached skill level 14 in Dodging
 38801 | Vaults:4 | Found a flickering gateway to a bazaar.
 38809 | Bazaar   | Entered a bazaar
 38836 | Bazaar   | Found Ydiatey's Food Emporium.
 38836 | Bazaar   | Found Letunu's Antique Armour Shoppe.
 38870 | Bazaar   | Found Hotopry's Food Emporium.
 38870 | Bazaar   | Found Fefuffo's Magic Scroll Shoppe.
 38880 | Bazaar   | Bought a scroll of remove curse for 54 gold pieces
 38880 | Bazaar   | Bought a scroll of magic mapping for 63 gold pieces
 38880 | Bazaar   | Bought a scroll of remove curse for 54 gold pieces
 38880 | Bazaar   | Bought a scroll of magic mapping for 63 gold pieces
 39239 | Vaults:4 | Reached XP level 21. HP: 164/164 MP: 34/39
 39926 | Vaults:4 | Identified the +5 quarterstaff of Boluh {antimagic, +Blink Str+8 Int+2 Dex-5}
 40330 | Depths:1 | Entered Level 1 of the Depths
 40345 | Depths:1 | Found Retoapt's Jewellery Shoppe.
 40346 | Depths:1 | Found Defios's Gadget Boutique.
 40356 | Depths:1 | Found Wotunteqa's Jewellery Shoppe.
 40372 | Depths:1 | Bought the ring of Doubts {rCorr Int+3 Dex+4} for 542 gold pieces
 40381 | Depths:1 | Bought the ring of Uskayaw's Castigation {rElec rF+ MR+} for 874 gold pieces
 40447 | Depths:1 | Reached skill level 14 in Fighting
 40480 | Depths:1 | Found a gateway to Hell.
 40637 | Depths:1 | Reached skill level 15 in Unarmed Combat
 40847 | Depths:1 | Found a sparkling altar of Nemelex Xobeh.
 41276 | Depths:2 | Found a portal to a secret trove of treasure.
 41346 | Depths:2 | Reached skill level 15 in Invocations
 41351 | Depths:2 | Reached skill level 12 in Conjurations
 41351 | Depths:2 | Reached skill level 12 in Hexes
 41351 | Depths:2 | Reached skill level 12 in Charms
 41351 | Depths:2 | Reached skill level 12 in Summonings
 41351 | Depths:2 | Reached skill level 12 in Necromancy
 41351 | Depths:2 | Reached skill level 12 in Translocations
 41351 | Depths:2 | Reached skill level 12 in Fire Magic
 41351 | Depths:2 | Reached skill level 12 in Ice Magic
 41351 | Depths:2 | Reached skill level 12 in Air Magic
 41351 | Depths:2 | Reached skill level 12 in Earth Magic
 41351 | Depths:2 | Reached skill level 12 in Poison Magic
 41642 | Depths:2 | Reached skill level 14 in Short Blades
 41642 | Depths:2 | Reached skill level 14 in Long Blades
 41642 | Depths:2 | Reached skill level 14 in Axes
 41642 | Depths:2 | Reached skill level 14 in Maces & Flails
 41642 | Depths:2 | Reached skill level 14 in Polearms
 41642 | Depths:2 | Reached skill level 14 in Staves
 41642 | Depths:2 | Reached skill level 14 in Slings
 41642 | Depths:2 | Reached skill level 14 in Bows
 41642 | Depths:2 | Reached skill level 14 in Crossbows
 41642 | Depths:2 | Reached skill level 14 in Throwing
 41642 | Depths:2 | Reached skill level 14 in Armour
 41642 | Depths:2 | Reached skill level 14 in Stealth
 41642 | Depths:2 | Reached skill level 14 in Shields
 41642 | Depths:2 | Reached skill level 14 in Evocations
 42250 | Depths:3 | Found a one-way gate leading to the halls of Pandemonium.
 42287 | Depths:3 | Paralysed by an ogre mage for 4 turns
 42296 | Depths:3 | Reached XP level 22. HP: 94/172 MP: 19/40
 42297 | Depths:3 | HP: 54/224 [two-headed ogre/great mace (3)]
 42528 | Depths:3 | Noticed Asterion
 42545 | Depths:3 | Killed Asterion
 42567 | Depths:3 | Found a one-way gate to the infinite horrors of the Abyss.
 42611 | Depths:3 | Noticed a caustic shrike
 42612 | Depths:3 | Noticed a caustic shrike
 42614 | Depths:3 | Noticed a caustic shrike
 42615 | Depths:3 | Noticed a caustic shrike
 42628 | Depths:3 | Killed a caustic shrike
 42631 | Depths:3 | Killed a caustic shrike
 42631 | Depths:3 | Reached skill level 15 in Spellcasting
 42638 | Depths:3 | Killed a caustic shrike
 42640 | Depths:3 | Killed a caustic shrike
 42738 | Depths:3 | Noticed Xtahua
 42745 | Depths:3 | Killed Xtahua
 43034 | Depths:3 | Reached skill level 15 in Dodging
 43135 | Depths:3 | Identified the +2 helmet "Moclakhi" {Regen+ rCorr}
 43245 | Depths:3 | Reached skill level 13 in Transmutations
 43290 | Depths:3 | Identified the +12 hunting sling "Uschui" {flame, *Slow Int+4 Dex+3}
 43367 | Depths:3 | Identified the +7 plate armour of Dawn {rElec Dex+3 Slay+3 SInv}
 43482 | Depths:4 | Found Zeemen's Weapon Shop.
 43491 | Depths:4 | Cast into level 3 of the Abyss (a lich)
 43642 | Abyss:3  | Found a blossoming altar of Fedhas.
 43649 | Abyss:3  | Gained mutation: You expend magic power (3 MP) to strengthen your wands. [a cacodemon]
 43878 | Abyss:3  | Paralysed by accursed screaming for 1 turns
 43975 | Abyss:3  | Reached XP level 23. HP: 114/180 MP: 32/42
 44030 | Abyss:4  | Found a corrupted altar of Lugonu.
 44202 | Abyss:4  | Reached skill level 15 in Fighting
 44266 | Abyss:4  | Reached skill level 16 in Invocations
 44295 | Abyss:4  | Found a corrupted altar of Lugonu.
 44299 | Abyss:4  | HP: 40/163 [spatial maelstrom (5)]
 44299 | Abyss:4  | HP: 16/163 [spatial maelstrom (24)]
 44309 | Abyss:4  | HP: 42/210 [hellephant (17)]
 44317 | Abyss:4  | Got an abyssal rune of Zot
 44318 | Abyss:4  | HP: 49/210 [hellephant (8)]
 44344 | Abyss:4  | Found a corrupted altar of Lugonu.
 44364 | Depths:4 | Escaped the Abyss
 44368 | Depths:4 | HP: 55/235 [spriggan berserker/rapier (4)]
 44369 | Depths:4 | HP: 27/235 [spriggan berserker/rapier (30)]
 44559 | Depths:4 | Reached skill level 16 in Unarmed Combat
 44615 | Depths:4 | Reached skill level 15 in Short Blades
 44615 | Depths:4 | Reached skill level 15 in Long Blades
 44615 | Depths:4 | Reached skill level 15 in Axes
 44615 | Depths:4 | Reached skill level 15 in Maces & Flails
 44615 | Depths:4 | Reached skill level 15 in Polearms
 44615 | Depths:4 | Reached skill level 15 in Staves
 44615 | Depths:4 | Reached skill level 15 in Slings
 44615 | Depths:4 | Reached skill level 15 in Bows
 44615 | Depths:4 | Reached skill level 15 in Crossbows
 44615 | Depths:4 | Reached skill level 15 in Throwing
 44615 | Depths:4 | Reached skill level 15 in Armour
 44615 | Depths:4 | Reached skill level 15 in Stealth
 44615 | Depths:4 | Reached skill level 15 in Shields
 44615 | Depths:4 | Reached skill level 15 in Evocations
 44645 | Depths:4 | Gained mutation: Armour fits poorly on your strangely shaped body. [a shining eye]
 44647 | Depths:4 | Gained mutation: You tend to lose your temper in combat. [a shining eye]
 44652 | Depths:4 | Reached skill level 13 in Conjurations
 44652 | Depths:4 | Reached skill level 13 in Hexes
 44652 | Depths:4 | Reached skill level 13 in Charms
 44652 | Depths:4 | Reached skill level 13 in Summonings
 44652 | Depths:4 | Reached skill level 13 in Necromancy
 44652 | Depths:4 | Reached skill level 13 in Translocations
 44652 | Depths:4 | Reached skill level 13 in Fire Magic
 44652 | Depths:4 | Reached skill level 13 in Ice Magic
 44652 | Depths:4 | Reached skill level 13 in Air Magic
 44652 | Depths:4 | Reached skill level 13 in Earth Magic
 44652 | Depths:4 | Reached skill level 13 in Poison Magic
 44736 | Depths:4 | Identified the +5 morningstar of Power {crush, Str+2 SInv} (You took it off a vampire knight on level 4 of the Depths)
 44929 | Depths:4 | Identified the Guide on Twisted Evil Secrets
 44963 | Depths:4 | Identified the +4 ring mail "Sanoulirph" {Str+3}
 45026 | Depths:4 | Noticed a caustic shrike
 45036 | Depths:4 | Killed a caustic shrike
 45036 | Depths:4 | Reached XP level 24. HP: 189/189 MP: 37/42
 45077 | Depths:4 | Paralysed by a floating eye for 4 turns
 45213 | Depths:4 | Found a runed door.
 45217 | Depths:4 | Paralysed by a floating eye for 2 turns
 45237 | Depths:4 | Paralysed by a floating eye for 2 turns
 45246 | Depths:4 | Reached skill level 16 in Spellcasting
 45399 | Depths:4 | Found Vuumnatse's Armour Shop.
 45413 | Depths:4 | Paralysed by a floating eye for 4 turns
 45449 | Depths:4 | Found a gateway to a ziggurat.
 45959 | Depths:5 | Entered Level 5 of the Depths
 45959 | Depths:5 | Noticed Frederick
 45971 | Depths:5 | Killed Frederick
 45998 | Depths:5 | Reached skill level 16 in Dodging
 46155 | Depths:5 | Noticed Boris
 46159 | Depths:5 | Noticed a juggernaut
 46173 | Depths:5 | Killed Boris
 46180 | Depths:5 | Killed a juggernaut
 46267 | Depths:5 | Learned a level 8 spell: Ignition
 46688 | Depths:5 | Reached skill level 14 in Transmutations
 46791 | Depths:5 | Found a gate to the Realm of Zot.
 46837 | Zot:1    | Entered Level 1 of the Realm of Zot
 46892 | Zot:2    | Identified the +2 shield of Nocveut {Dex+5}
 46934 | Zot:3    | Reached skill level 17 in Invocations
 47003 | Zot:3    | Reached skill level 16 in Fighting
 47003 | Zot:3    | Reached XP level 25. HP: 197/197 MP: 21/43
 47664 | Zot:4    | Reached skill level 16 in Short Blades
 47664 | Zot:4    | Reached skill level 16 in Long Blades
 47664 | Zot:4    | Reached skill level 16 in Axes
 47664 | Zot:4    | Reached skill level 16 in Maces & Flails
 47664 | Zot:4    | Reached skill level 16 in Polearms
 47664 | Zot:4    | Reached skill level 16 in Staves
 47664 | Zot:4    | Reached skill level 16 in Slings
 47664 | Zot:4    | Reached skill level 16 in Bows
 47664 | Zot:4    | Reached skill level 16 in Crossbows
 47664 | Zot:4    | Reached skill level 16 in Throwing
 47664 | Zot:4    | Reached skill level 16 in Armour
 47664 | Zot:4    | Reached skill level 16 in Stealth
 47664 | Zot:4    | Reached skill level 16 in Shields
 47664 | Zot:4    | Reached skill level 16 in Evocations
 47687 | Zot:4    | Reached skill level 17 in Unarmed Combat
 48054 | Zot:5    | Entered Level 5 of the Realm of Zot
 48054 | Zot:5    | Identified the amulet "Nafoubb" {Faith rElec}
 48257 | Zot:5    | Reached skill level 14 in Conjurations
 48257 | Zot:5    | Reached skill level 14 in Hexes
 48257 | Zot:5    | Reached skill level 14 in Charms
 48257 | Zot:5    | Reached skill level 14 in Summonings
 48257 | Zot:5    | Reached skill level 14 in Necromancy
 48257 | Zot:5    | Reached skill level 14 in Translocations
 48257 | Zot:5    | Reached skill level 14 in Fire Magic
 48257 | Zot:5    | Reached skill level 14 in Ice Magic
 48257 | Zot:5    | Reached skill level 14 in Air Magic
 48257 | Zot:5    | Reached skill level 14 in Earth Magic
 48257 | Zot:5    | Reached skill level 14 in Poison Magic
 48398 | Zot:5    | Noticed a Killer Klown
 48418 | Zot:5    | Killed a Killer Klown
 48434 | Zot:5    | Noticed an ancient lich
 48441 | Zot:5    | Noticed a Killer Klown
 48445 | Zot:5    | Killed an ancient lich
 48463 | Zot:5    | Killed a Killer Klown
 48470 | Zot:5    | Reached XP level 26. HP: 206/206 MP: 17/43
 48703 | Zot:5    | Reached skill level 17 in Spellcasting
 48875 | Zot:5    | Noticed an orb of fire
 48881 | Zot:5    | Noticed an orb of fire
 48884 | Zot:5    | Gained mutation: Scrolls take you a little longer to read. [an orb of fire]
 48886 | Zot:5    | Gained mutation: You do not regenerate when monsters are visible. [an orb of fire]
 48892 | Zot:5    | Gained mutation: You are weak. (Str -2) [an orb of fire]
 48898 | Zot:5    | Gained mutation: You occasionally shout uncontrollably at your foes. [an orb of fire]
 48899 | Zot:5    | Gained mutation: You are clumsy. (Dex -2) [an orb of fire]
 48902 | Zot:5    | Gained mutation: You sometimes yell uncontrollably at your foes. [an orb of fire]
 48903 | Zot:5    | Lost mutation: You are clumsy. (Dex -2) [an orb of fire]
 48905 | Zot:5    | Gained mutation: You are frail. (-10% HP) [an orb of fire]
 48910 | Zot:5    | Gained mutation: You are very frail. (-20% HP) [an orb of fire]
 48912 | Zot:5    | Gained mutation: Your magical capacity is low. (-10% MP) [an orb of fire]
 48918 | Zot:5    | Killed an orb of fire
 48918 | Zot:5    | Reached skill level 17 in Dodging
 48918 | Zot:5    | Gained mutation: You often lose your temper in combat. [an orb of fire]
 48921 | Zot:5    | Gained mutation: You frequently scream uncontrollably at your foes. [an orb of fire]
 48926 | Zot:5    | Gained mutation: You have an uncontrollable temper. [an orb of fire]
 48928 | Zot:5    | Lost mutation: You are weak. (Str -2) [an orb of fire]
 48933 | Zot:5    | Killed an orb of fire
 48939 | Zot:5    | Lost mutation: You are very frail. (-20% HP) [potion of mutation]
 48939 | Zot:5    | Lost mutation: Your magical capacity is low. (-10% MP) [potion of mutation]
 48939 | Zot:5    | Lost mutation: You have an uncontrollable temper. [potion of mutation]
 48939 | Zot:5    | Lost mutation: Scrolls take you a little longer to read. [potion of mutation]
 48939 | Zot:5    | Gained mutation: You can translocate small distances at will. [potion of mutation]
 48940 | Zot:5    | Lost mutation: You frequently scream uncontrollably at your foes. [potion of mutation]
 48940 | Zot:5    | Lost mutation: You are frail. (-10% HP) [potion of mutation]
 48940 | Zot:5    | Lost mutation: You sometimes yell uncontrollably at your foes. [potion of mutation]
 48940 | Zot:5    | Gained mutation: You are partially covered in slimy green scales. (AC +2) [potion of mutation]
 48940 | Zot:5    | Gained mutation: You have a pair of small antennae on your head. [potion of mutation]
 48941 | Zot:5    | Lost mutation: You expend magic power (3 MP) to strengthen your wands. [potion of mutation]
 48941 | Zot:5    | Lost mutation: You are partially covered in slimy green scales. (AC +2) [potion of mutation]
 48941 | Zot:5    | Lost mutation: Armour fits poorly on your strangely shaped body. [potion of mutation]
 48941 | Zot:5    | Lost mutation: You occasionally shout uncontrollably at your foes. [potion of mutation]
 48941 | Zot:5    | Gained mutation: Your spells are a little harder to cast, but a little more powerful. [potion of mutation]
 48941 | Zot:5    | Gained mutation: You are agile. (Dex +2) [potion of mutation]
 48942 | Zot:5    | Lost mutation: Your spells are a little harder to cast, but a little more powerful. [potion of mutation]
 48942 | Zot:5    | Lost mutation: You are agile. (Dex +2) [potion of mutation]
 48942 | Zot:5    | Gained mutation: Scrolls take you a little longer to read. [potion of mutation]
 48942 | Zot:5    | Gained mutation: Your mind is acute. (Int +2) [potion of mutation]
 48942 | Zot:5    | Gained mutation: Your muscles are strong. (Str +2) [potion of mutation]
 48943 | Zot:5    | Lost mutation: Scrolls take you a little longer to read. [potion of mutation]
 48943 | Zot:5    | Lost mutation: You have a pair of small antennae on your head. [potion of mutation]
 48943 | Zot:5    | Lost mutation: You often lose your temper in combat. [potion of mutation]
 48943 | Zot:5    | Lost mutation: Your muscles are strong. (Str +2) [potion of mutation]
 48943 | Zot:5    | Gained mutation: Scrolls take you a little longer to read. [potion of mutation]
 48943 | Zot:5    | Lost mutation: Scrolls take you a little longer to read. [potion of mutation]
 48943 | Zot:5    | Gained mutation: You have a pair of small antennae on your head. [potion of mutation]
 48987 | Zot:5    | Noticed an orb of fire
 49047 | Zot:5    | Gained mutation: Your magical capacity is low. (-10% MP) [an orb of fire]
 49055 | Zot:5    | Gained mutation: Your spells are a little easier to cast, but a little less powerful. [an orb of fire]
 49071 | Zot:5    | Lost mutation: Your mind is acute. (Int +2) [an orb of fire]
 49079 | Zot:5    | Gained mutation: Your spells are easier to cast, but less powerful. [an orb of fire]
 49080 | Zot:5    | Killed an orb of fire
 49271 | Zot:5    | Reached skill level 18 in Invocations
 49420 | Zot:5    | Got the Orb of Zot
 49750 | Depths:2 | Noticed Xeahuzas the pandemonium lord
 49825 | D:15     | Noticed Puirph the pandemonium lord
 50023 | D:9      | Noticed Noweing the pandemonium lord
 50032 | D:9      | HP: 38/207 [Noweing the pandemonium lord/orb of electricity (20)]
 50037 | D:9      | HP: 25/269 [soul eater/drain life (4)]
 50041 | D:8      | HP: 7/269 [Ice Fiend[Noweing] (6)]
 50041 | D:8      | Annihilated by an Ice Fiend

Skill      XL: |  1  2  3  4  5  6  7  8  9 10 11 12 13 14 15 16 17 18 19 20 21 22 23 24 25 26 |
---------------+-------------------------------------------------------------------------------+-----
Spellcasting   | 5 6 7 8 9 10 11 12 13 14 15 16 17 | 17.3
Invocations    | 1 2 3 4 5 6 7 8 9 10 11 12 13 14 15 16 17 18 | 18.1
Short Blades   | 1 2 3 4 5 6 7 8 9 10 11 12 13 14 15 16 | 16.8
Long Blades    | 1 2 3 4 5 6 7 8 9 10 11 12 13 14 15 16 | 16.8
Axes           | 1 2 3 4 5 6 7 8 9 10 11 12 13 14 15 16 | 16.8
Maces & Flails | 1 2 3 4 5 6 7 8 9 10 11 12 13 14 15 16 | 16.8
Polearms       | 1 2 3 4 5 6 7 8 9 10 11 12 13 14 15 16 | 16.8
Staves         | 1 2 3 4 5 6 7 8 9 10 11 12 13 14 15 16 | 16.8
Slings         | 1 2 3 4 5 6 7 8 9 10 11 12 13 14 15 16 | 16.8
Bows           | 1 2 3 4 5 6 7 8 9 10 11 12 13 14 15 16 | 16.8
Crossbows      | 1 2 3 4 5 6 7 8 9 10 11 12 13 14 15 16 | 16.8
Throwing       | 1 2 3 4 5 6 7 8 9 10 11 12 13 14 15 16 | 16.8
Armour         | 1 2 3 4 5 6 7 8 9 10 11 12 13 14 15 16 | 16.8
Stealth        | 1 2 3 4 5 6 7 8 9 10 11 12 13 14 15 16 | 16.8
Shields        | 1 2 3 4 5 6 7 8 9 10 11 12 13 14 15 16 | 16.8
Evocations     | 1 2 3 4 5 6 7 8 9 10 11 12 13 14 15 16 | 16.8
Conjurations   | 1 2 3 4 5 6 7 8 9 10 11 12 13 14 | 14.4
Hexes          | 1 2 3 4 5 6 7 8 9 10 11 12 13 14 | 14.4
Charms         | 1 2 3 4 5 6 7 8 9 10 11 12 13 14 | 14.4
Summonings     | 1 2 3 4 5 6 7 8 9 10 11 12 13 14 | 14.4
Necromancy     | 1 2 3 4 5 6 7 8 9 10 11 12 13 14 | 14.4
Translocations | 1 2 3 4 5 6 7 8 9 10 11 12 13 14 | 14.4
Fire Magic     | 1 2 3 4 5 6 7 8 9 10 11 12 13 14 | 14.4
Ice Magic      | 1 2 3 4 5 6 7 8 9 10 11 12 13 14 | 14.4
Air Magic      | 1 2 3 4 5 6 7 8 9 10 11 12 13 14 | 14.4
Earth Magic    | 1 2 3 4 5 6 7 8 9 10 11 12 13 14 | 14.4
Poison Magic   | 1 2 3 4 5 6 7 8 9 10 11 12 13 14 | 14.4
Fighting       | 3 4 5 6 7 8 9 10 11 12 13 14 15 16 | 16.9
Transmutations | 4 5 6 7 8 9 10 11 12 13 14 | 14.8
Dodging        | 5 6 7 8 9 10 11 12 13 14 15 16 17 | 17.2
Unarmed Combat | 7 8 9 10 11 12 13 14 15 16 17 | 17.7

Action                   |  1- 3 |  4- 6 |  7- 9 | 10-12 | 13-15 | 16-18 | 19-21 | 22-24 | 25-27 || total
-------------------------+-------+-------+-------+-------+-------+-------+-------+-------+-------++-------
Melee: Unarmed           |    55 |    71 |   311 |   716 |   276 |       |       |       |       ||  1429
       Kick              |    10 |    11 |       |       |       |       |       |       |       ||    21
       Headbutt          |     1 |     9 |     3 |       |       |       |       |       |       ||    13
       Bite              |     2 |     8 |     8 |    30 |   141 |   346 |   274 |   403 |   172 ||  1384
       Punch             |       |     5 |     7 |    10 |     6 |       |       |       |       ||    28
       Dagger            |       |    60 |    19 |       |       |       |       |       |       ||    79
       Whip              |       |       |    56 |    41 |   726 |  1570 |  1253 |  1450 |   613 ||  5709
Throw: Tomahawk          |       |     1 |       |     2 |     4 |     1 |       |       |     1 ||     9
 Cast: Beastly Appendage |    13 |    20 |     3 |       |       |       |       |       |       ||    36
       Spider Form       |       |     1 |    43 |    43 |       |       |     2 |       |       ||    89
       Ice Form          |       |       |       |     8 |    11 |     1 |       |       |       ||    20
       Blade Hands       |       |       |       |    27 |    23 |       |       |       |       ||    50
       Borgnjor's Vile C |       |       |       |       |    76 |    62 |    52 |    88 |    31 ||   309
       Statue Form       |       |       |       |       |    36 |    94 |    67 |    47 |    32 ||   276
       Summon Ice Beast  |       |       |       |       |     6 |       |       |     1 |     1 ||     8
       Aura of Abjuratio |       |       |       |       |       |     2 |     7 |    12 |     4 ||    25
       Deflect Missiles  |       |       |       |       |       |     1 |     4 |       |       ||     5
Invok: Curse Item        |       |       |     2 |     5 |     2 |     3 |     1 |     3 |       ||    16
 Abil: Evoke Berserk Rag |       |       |       |     1 |       |       |       |       |       ||     1
Evoke: Wand              |       |       |       |       |     3 |     2 |       |       |       ||     5
       Sack of spiders   |       |       |       |       |       |     2 |       |       |     2 ||     4
       Phial of floods   |       |       |       |       |       |     1 |       |       |       ||     1
       Phantom mirror    |       |       |       |       |       |       |       |       |     2 ||     2
  Use: Potion            |       |     2 |       |     4 |       |     4 |       |    14 |    13 ||    37
       Scroll            |       |       |    16 |       |    19 |    11 |     6 |     6 |    13 ||    71
 Stab: Sleeping          |       |     7 |     8 |    10 |    27 |    24 |    26 |     5 |     8 ||   115
       Distracted        |       |       |     1 |     1 |     1 |     8 |     4 |     6 |     4 ||    25
       Invisible         |       |       |       |     5 |       |       |       |     3 |       ||     8
       Petrified         |       |       |       |       |     6 |       |       |       |       ||     6
       Petrifying        |       |       |       |       |     1 |       |       |       |       ||     1
       Confused          |       |       |       |       |       |       |       |       |     1 ||     1
  Eat: Chunk             |       |     7 |    18 |    26 |    51 |    44 |    42 |    25 |     6 ||   219
       Ration            |       |       |       |     4 |     3 |     9 |     4 |     3 |     6 ||    29
Armor: Robe              |     5 |    15 |     4 |    25 |    28 |     6 |     3 |     6 |     4 ||    96
       Skin              |       |     1 |     6 |    10 |   132 |   487 |   235 |   348 |   168 ||  1387
Dodge: Dodged            |    34 |    94 |   361 |   696 |   660 |  1657 |  1045 |  1539 |   732 ||  6818
       Deflected         |       |       |       |       |       |    11 |    53 |    33 |    11 ||   108
Block: Shield            |       |       |       |     1 |   497 |  1683 |   932 |  1214 |   513 ||  4840

Vault maps used:
D:1:      dpeg_arrival_boxorama
D:2:      first_ration
D:3:      hangedman_decor_push
D:4:      kennysheep_mini_moat, nicolae_overflow_hidden_temple
D:5:      lemuel_ice_spiral_2, grunt_temple_overflow_bloody_war,
          minmay_temple_entry_water_ring, basic_altar, gup_sewer_entry_spiral
D:6:      xom_redecorated, basic_altar
D:7:      nicolae_overflow_crystal_walls, uniq_crazy_yiuf_cottage, uniq_duvessa,
          uniq_menkaure
D:8:      uniq_prince_ribbit1, uniq_joseph
D:9:      lemuel_doored_altar, gammafunk_temple_overflow_wave,
          old_standard_altar, hangedman_pestilent_swarm,
          nicolae_tso_besieged_by_evil, uniq_maurice
D:10:     due_lair_maze_entry_diamond
D:12:     david_orc_2, serial_aquarium, aquarium_bridge_straight,
          aquarium_bridge_island_large, aquarium_window_fake, aquarium_window_1,
          aquarium_window_2, aquarium_window_corridor_3, aquarium_view_2d,
          aquarium_balcony_double_3, aquarium_pool_2, nicolae_blasting_shop
D:13:     erik_vaults_1, onia_ninara_cookie
D:14:     hangedman_abyss_or_decor_passed, nicolae_ru_awakened_eye, uniq_rupert
D:15:     hangedman_depths_entry_civil_slaughter, fedhas_altar_fruit_tree,
          minmay_misc_feat_tiny, minmay_misc_feat_square
Temple:   minmay_temple_forest_path
Lair:1:   lab_entry_generic, minivault_23
Lair:2:   minmay_swamp_entry_wisps, nicolae_spider_entry_tight_spaces,
          st_stairs_8
Lair:4:   portal_ice_cave_entry_imps, uniq_sonja
Lair:5:   dpeg_slime_entry_corner, uniq_kirke, uniq_urug, uniq_nessos
Lair:6:   grunt_lair_end_beastmaster, minmay_stone_trees_small,
          lemuel_old_faithful, infiniplex_staircase_pool_2, serial_bayou_shore_a
Swamp:1:  cheibrodos_swamp_tower_of_moss, nicolae_swamp_godswood
Swamp:2:  evilmike_swamp_ruin_house_1, swamp_pool1, nicolae_swamp_baby_hydras
Swamp:3:  basic_altar
Swamp:4:  swamp_pestilence
Spider:3: hangedman_stitches_earthworm
Spider:4: spider_rune_water, spider_trap, uniq_arachne
Orc:1:    basic_altar, nicolae_volcano_entry_hallway, nicolae_orc_lava_tube,
          elf_legates, uniq_nergalle
Orc:2:    pubby_orc_utopia
Vaults:1: ontoclasm_vaults_spin, nicolae_vaults_circle_grid_b, v_rooms_2,
          ontoclasm_vaults_fault, hangedman_vaults_stitches,
          ontoclasm_vaults_loading_screen, grunt_vaults_twisty,
          vaults_room_grunt_arrival_checkpoint, nicolae_vaults_shelves_hall,
          v_alt_pattern_5, hangedman_vaults_stretched_pinwheel,
          vaults_dpeg_encased_lava, serial_shops, shop
Vaults:2: nicolae_vaults_murderbox, nicolae_vaults_network_periphery,
          minmay_crypt_entry_nasty_monster, nicolae_vaults_asterisk,
          v_pattern_2, hangedman_vaults_stretched_pinwheel,
          vaults_room_stairs_pillars, hangedman_vaults_locks,
          hangedman_vaults_stream, nicolae_vaults_mini_display_case
Vaults:3: nicolae_vaults_sealed_display, st_lattice, hangedman_vaults_maws,
          vaults_dpeg_doors, ontoclasm_vaults_bender, v_misc_15, v_pattern_3,
          nicolae_vaults_little_squares_5, dpeg_vaults_monster_box,
          nicolae_vaults_little_squares_5, v_misc_3, uniq_saint_roka
Vaults:4: v_pattern_4, v_misc_29, nicolae_vaults_big_angled_halls,
          ontoclasm_vaults_claustrophobia, v_misc_28, nicolae_vaults_asterisk,
          v_misc_11, v_rooms_4, grunt_vaults_funnel,
          nicolae_vaults_little_squares_3, ontoclasm_vaults_hangar,
          serial_shops, bzr_entry_islet
Depths:1: pf_vacation_house_of_asmodeus, minmay_holes,
          nemelex_diamond_rough_becter, minmay_shop_grove
Depths:2: cheibrodos_quadrivalence, grunt_hell_horde, trove_entry_hex_spiral,
          serial_bayou, serial_bayou_crossing, serial_bayou_lagoon_b,
          serial_bayou_pond_c, serial_bayou_pond_b,
          minmay_staircase_windowed_large
Depths:3: minmay_skeleton_keep, pan_entry, pf_coc_iceberg,
          corexii_leaking_fountain, abyss_entry_small_statue_room,
          minmay_misc_feat_encased, serial_sigils_hangedman_quiver,
          minmay_misc_feat_more_columns, uniq_asterion, uniq_xtahua
Depths:4: minmay_the_grid_square_5x5_5x5_mashed, enter_ziggurat_f, serial_shops,
          nicolae_shop_trees, kennysheep_little_box, hell_entry, abyss_entry,
          kennysheep_generic_room_2, infiniplex_staircase_pillars_1
Depths:5: evilmike_zot_entry_argh, hell_entry, hangedman_abyss_or_decor_stagger,
          uniq_frederick, uniq_boris
Zot:1:    hangedman_zot_diagonal_lockstep
Zot:3:    nicolae_moth_party, st_stairs_7
Zot:4:    st_stairs_12, hangedman_swamp_dais
Zot:5:    lemuel_golem_globe
Abyss:3:  bh_abyss_exit_grid, hangedman_abyss_rune_macabre_mess
Abyss:4:  evilmike_abyss_rune_elephants_shrine
Lab:      nicolae_lab_dead_adventurers, nicolae_lab_t_cross,
          nicolae_lab_very_dead_end, nicolae_lab_grate, labyrinth_fake_exit
Bazaar:   bazaar_long_row
Sewer:    sewer_frog_island_01
IceCv:    ice_cave_statue_garden_chambered
Volcano:  volcano_caves

Table legend:
 A = Turns spent in this place as a percentage of turns spent in the entire game.
 B = Non-inter-level travel turns spent in this place as a percentage of non-inter-level travel turns spent in the entire game.
 C = Inter-level travel turns spent in this place as a percentage of turns spent in this place.
 D = Turns resting spent in this place as a percentage of non-inter-level travel turns spent in this place.
 E = Turns spent auto-exploring this place as a percentage of non-inter-level travel turns spent in this place.
 F = Non-inter-level travel turns spent in this place divided by the number of levels of this place that you've seen.
                   A       B       C       D       E      F
               +-------+-------+-------+-------+-------+----------------------
         Total | 100.0 | 100.0 |   5.0 |   1.9 |  66.0 | 897.0
       Dungeon |  34.9 |  34.7 |   5.5 |   2.8 |  73.0 | 1099.1
        Temple |   0.7 |   0.6 |  17.5 |   0.0 |  92.6 | 269.0
          Lair |  12.8 |  12.8 |   5.1 |   2.9 |  76.1 | 1013.3
         Swamp |   7.0 |   7.1 |   4.4 |   0.3 |  69.1 | 840.5
   Spider Nest |   6.6 |   6.5 |   5.7 |   0.0 |  63.7 | 778.5
  Orcish Mines |   5.0 |   5.1 |   3.5 |   0.0 |  66.4 | 1204.5
        Vaults |  11.2 |  11.2 |   5.0 |   0.0 |  66.6 | 1326.0
        Depths |  11.5 |  11.7 |   3.5 |   0.3 |  57.1 | 1110.2
           Zot |   5.7 |   5.5 |   8.4 |   0.0 |  53.3 | 524.2
         Abyss |   1.7 |   1.8 |   0.0 |   0.0 |   6.8 | 436.5
     Labyrinth |   0.9 |   0.9 |   0.0 |  21.3 |   0.0 | 445.0
        Bazaar |   0.2 |   0.2 |   0.0 |   0.0 |  95.5 |  89.0
         Sewer |   1.0 |   1.0 |   0.0 |   0.0 |  60.0 | 480.0
      Ice Cave |   0.8 |   0.9 |   0.0 |  38.3 |   8.0 | 410.0
       Volcano |   0.1 |   0.1 |   0.0 |   0.0 |   0.0 |  49.0
               +-------+-------+-------+-------+-------+----------------------

Table legend:
 A = Kills in this place as a percentage of kills in entire the game.
 B = Kills by you in this place as a percentage of kills by you in the entire game.
 C = Kills by friends in this place as a percentage of kills by friends in the entire game.
 D = Other kills in this place as a percentage of other kills in the entire game.
 E = Experience gained in this place as a percentage of experience gained in the entire game.
 F = Experience gained in this place divided by the number of levels of this place that you have seen.
                   A       B       C       D       E      F
               +-------+-------+-------+-------+-------+----------------------
         Total | 100.0 | 100.0 | 100.0 | 100.0 | 100.0 | 22879.7
       Dungeon |  23.3 |  23.5 |   0.0 |   7.1 |   6.3 | 5059.7
          Lair |   7.8 |   7.8 |   0.0 |   0.0 |   4.2 | 8501.2
         Swamp |   6.4 |   6.2 | 100.0 |  28.6 |   4.9 | 14894.5
   Spider Nest |   7.8 |   7.8 |   0.0 |   0.0 |   6.3 | 19186.5
  Orcish Mines |   9.8 |   9.8 |   0.0 |   0.0 |   3.1 | 18642.5
        Vaults |  15.9 |  15.6 |   0.0 |  50.0 |  18.4 | 55670.0
        Depths |  17.2 |  17.2 |   0.0 |   7.1 |  29.4 | 71422.2
           Zot |   5.7 |   5.7 |   0.0 |   0.0 |  20.9 | 50573.8
         Abyss |   4.4 |   4.4 |   0.0 |   7.1 |   6.0 | 36554.0
     Labyrinth |   0.2 |   0.2 |   0.0 |   0.0 |   0.2 | 1998.0
         Sewer |   0.9 |   0.9 |   0.0 |   0.0 |   0.0 | 252.0
      Ice Cave |   0.5 |   0.5 |   0.0 |   0.0 |   0.3 | 3325.0
       Volcano |   0.2 |   0.2 |   0.0 |   0.0 |   0.1 | 772.0
               +-------+-------+-------+-------+-------+----------------------
